Map: Oxide LE

Players

Lodall - Winner!

  • Race: Protoss Protoss
  • Spawn Location: 7:00

VOD

Have the link to the VOD?

Description

Time

  • Played on: Dec. 2, 2020, 9:34 a.m.
  • Length: 23:30
Show
View Real Time Build Order
Export as new Build Order

Lodall Protoss - Winner!

Build Orders:  

Get SALT Encoding   

  12  0:03  Probe (Chrono Boost)  
  14  0:20  Probe (Chrono Boost)  
  14  0:28  Pylon  
  14  0:37  Probe (Chrono Boost)  
  15  0:56  Probe (Chrono Boost)  
  16  1:00  Gateway  
  16  1:11  Probe (Chrono Boost)  
  16  1:13  Assimilator  
  17  1:22  Probe (Chrono Boost)  
  18  1:34  Probe (Chrono Boost)  
  19  1:45  Gateway  
  20  1:50  Probe (Chrono Boost)  
  20  2:07  Probe (Chrono Boost)  
  21  2:21  Pylon  
  21  2:24  Probe (Chrono Boost)  
  22  2:37  Cybernetics Core  
  22  2:49  Assimilator  
  22  2:57  Probe (Chrono Boost)  
  23  3:14  Probe (Chrono Boost)  
  23  3:15  Nexus  
  24  3:26  Pylon  
  25  3:31  Probe (Chrono Boost)  
  25  3:44  Stalker  
  25  3:48  Probe (Chrono Boost), Sentry  
  30  4:00  Probe (Chrono Boost)  
  31  4:11  Probe (Chrono Boost)  
  31  4:13  Robotics Facility  
  32  4:25  Probe (Chrono Boost), Stalker  
  36  4:40  Probe (Chrono Boost)  
  36  4:46  Stalker  
  38  4:51  Probe (Chrono Boost)  
  38  4:58  Probe (Chrono Boost)  
  39  5:02  Probe (Chrono Boost), Shield Battery  
  41  5:10  Probe (Chrono Boost)  
  41  5:13  Warp Gate  
  43  5:20  Stalker  
  43  5:21  Probe (Chrono Boost)  
  43  5:22  Probe (Chrono Boost)  
  43  5:28  Observer  
  47  5:30  Stalker  
  47  5:33  Probe (Chrono Boost)  
  47  5:38  Probe (Chrono Boost)  
  51  5:40  Assimilator  
  51  5:44  Pylon  
  51  5:45  Probe (Chrono Boost)  
  52  5:55  Probe (Chrono Boost)  
  52  5:59  Probe (Chrono Boost)  
  55  6:10  Stalker  
  55  6:12  Probe (Chrono Boost), Stalker  
  59  6:27  Probe (Chrono Boost)  
  59  6:29  Probe (Chrono Boost)  
  61  6:33  Pylon  
  61  6:43  Probe (Chrono Boost)  
  61  6:48  Assimilator  
  62  6:58  Immortal  
  66  7:13  Probe (Chrono Boost)  
  66  7:14  Probe (Chrono Boost)  
  66  7:19  Nexus, Zealot  
  70  7:22  Pylon  
  70  7:25  Pylon  
  70  7:29  Assimilator  
  70  7:33  Gateway  
  70  7:35  Assimilator  
  70  7:37  Pylon  
  70  7:41  Forge  
  70  7:45  Twilight Council  
  70  7:59  Immortal  
  74  8:07  Probe (Chrono Boost)  
  74  8:08  Probe (Chrono Boost)  
  76  8:19  Probe (Chrono Boost)  
  76  8:20  Probe (Chrono Boost), Shield Battery  
  76  8:23  Shield Battery  
  78  8:31  Probe (Chrono Boost)  
  78  8:32  Probe (Chrono Boost)  
  78  8:37  Zealot  
  78  8:38  Zealot  
  84  8:44  Probe (Chrono Boost)  
  85  8:53  Pylon  
  85  8:54  Protoss Ground Weapons Level 1  
  85  8:55  Pylon  
  85  8:59  Gateway  
  85  9:02  Gateway  
  85  9:12  Robotics Bay  
  85  9:13  Probe (Chrono Boost)  
  85  9:16  Templar Archives  
  85  9:17  Probe (Chrono Boost)  
  87  9:34  Probe (Chrono Boost)  
  87  9:38  Zealot  
  90  9:48  Zealot x2  
  90  9:49  Photon Cannon  
  94  9:52  Photon Cannon  
  94  9:54  Photon Cannon  
  94  9:57  Photon Cannon  
  97  10:10  Probe x2 (Chrono Boost)  
  97  10:11  Probe (Chrono Boost)  
  97  10:22  Probe x2 (Chrono Boost)  
  97  10:23  Probe (Chrono Boost)  
  100  10:33  Zealot x3, Probe (Chrono Boost)  
  100  10:34  Probe (Chrono Boost)  
  100  10:39  Nexus  
  108  10:41  Phoenix  
  108  10:43  Pylon  
  108  10:44  Colossus  
  108  10:47  Assimilator  
  114  10:50  Assimilator  
  117  11:01  Probe x2 (Chrono Boost)  
  117  11:02  Probe (Chrono Boost)  
  117  11:05  Zealot x2  
  117  11:06  Zealot  
  123  11:18  Probe x2 (Chrono Boost), Charge  
  123  11:19  Probe (Chrono Boost)  
  126  11:26  High Templar  
  126  11:27  High Templar  
  130  11:35  Probe (Chrono Boost)  
  130  11:36  Probe x2 (Chrono Boost)  
  133  11:47  Extended Thermal Lance  
  133  11:59  Phoenix  
  133  12:01  Protoss Ground Weapons Level 2  
  133  12:07  Photon Cannon  
  133  12:09  Photon Cannon  
  133  12:12  Photon Cannon  
  133  12:14  Shield Battery  
  133  12:16  Shield Battery  
  133  12:19  Colossus  
  142  12:21  Archon, Pylon, Probe x3 (Chrono Boost)  
  142  12:23  High Templar  
  142  12:24  High Templar x2  
  142  12:26  Pylon  
  148  12:45  Archon  
  148  12:47  High Templar  
  148  12:48  Probe x3 (Chrono Boost)  
  154  13:01  Probe (Chrono Boost)  
  154  13:05  Probe x3 (Chrono Boost)  
  154  13:09  Archon  
  155  13:15  Zealot x4  
  155  13:18  Probe (Chrono Boost)  
  155  13:19  Pylon  
  164  13:23  Pylon  
  164  13:31  Gateway x2  
  164  13:35  Gateway  
  164  13:37  Gateway  
  164  13:39  Gateway  
  164  13:52  Zealot x2  
  164  13:53  Zealot x2  
  164  13:54  Zealot  
  146  14:52  Nexus  
  146  14:53  Zealot x5, Pylon  
  146  14:54  Zealot x2  
  146  14:55  Assimilator  
  146  14:56  Assimilator  
  146  14:57  Pylon  
  160  15:07  Zealot x3  
  166  15:31  Protoss Ground Armor Level 1  
  166  15:55  Zealot x5  
  166  15:56  Zealot x5  
  186  16:04  Colossus  
  192  16:10  Pylon  
  192  16:13  Pylon  
  192  16:16  Pylon  
  192  16:24  Gateway  
  192  16:25  Gateway  
  182  16:36  Gateway  
  182  16:38  Gateway  
  154  16:41  High Templar x3  
  154  16:42  High Templar x7  
  154  16:47  Archon x3  
  154  16:48  Archon x2  
  113  17:30  Photon Cannon  
  113  17:32  Photon Cannon  
  113  17:35  Photon Cannon  
  113  17:38  Photon Cannon  
  113  17:41  Photon Cannon  
  113  17:44  Photon Cannon  
  113  17:45  Colossus  
  113  17:47  Zealot x3  
  113  17:48  Zealot x7, Photon Cannon  
  113  17:49  Zealot x2  
  143  17:52  Photon Cannon  
  143  17:54  Shield Battery  
  143  17:57  Shield Battery  
  143  18:02  Shield Battery  
  143  18:04  Shield Battery  
  143  18:16  Zealot x4  
  143  18:17  Zealot x8  
  143  18:18  Zealot x2  
  171  18:29  Protoss Ground Weapons Level 3 (Chrono Boost)  
  171  18:40  Zealot x2  
  171  18:41  Zealot  
  171  18:46  High Templar x5  
  171  18:47  High Templar x6  
  199  18:52  Archon x4  
  199  18:53  Archon  
  157  19:30  Colossus  
  157  19:35  Zealot  
  157  19:36  Zealot x9  
  157  19:37  Zealot x4  
  147  20:35  Nexus  
  147  20:36  Pylon  
  147  20:43  Assimilator  
  147  20:44  Zealot x8, Pylon  
  147  20:45  Zealot x6, Colossus  
  181  20:51  Assimilator  
  167  21:26  Zealot  
  167  21:27  Zealot x11  
  167  21:28  Zealot x2  
  189  21:59  High Templar x3  
  195  22:00  High Templar x2  
  199  22:12  Archon x3  
Tags
 
Matchup
Co-op
Add a new tag
Caveats
  • Supply blocks, unpowered buildings, or Contaminate may cause inaccurate times.
  • Supply counts are checked every 10 seconds.